 Dungeon Crawl Stone Soup version 0.18.1-50-g88ac8fd (webtiles) character file.

599 Ruokin the Shield-Bearer (level 7, -11/44 HPs)
             Began as a Tengu Fighter on Oct 16, 2016.
             Was a Follower of Kikubaaqudgha.
             Mangled by a yak (13 damage)
             ... on level 3 of the Dungeon.
             The game lasted 00:19:20 (2776 turns).

Ruokin the Shield-Bearer (Tengu Fighter)            Turns: 2776, Time: 00:19:21

Health: -11/44     AC:  8    Str: 19    XL:     7   Next: 41%
Magic:  0/8        EV: 11    Int:  8    God:    Kikubaaqudgha [*.....]
Gold:   137        SH: 10    Dex: 13    Spells: 3 memorised, 1 level left

rFire  . . .     SeeInvis .     A - +0 mace (crush)
rCold  . . .     Gourm    .     b - +0 scale mail
rNeg   . . .     Faith    .     c - +0 shield
rPois  .         Spirit   +     (helmet restricted)
rElec  .         Dismiss  .     z - +0 cloak
rCorr  .         Reflect  .     (no gloves)
SustAt .         Harm     .     (boots unavailable)
MR     .....                    r - amulet of guardian spirit
Stlth  ..........               (no ring)
                                m - +2 ring of evasion

@: not resistant to hostile enchantments, extremely unstealthy
A: beak, talons 3, able to fly 1
a: Fly, Receive Corpses, Renounce Religion


You were on level 3 of the Dungeon.
You worshipped Kikubaaqudgha.
Kikubaaqudgha was aware of your devotion.
You were not hungry.

You visited 1 branch of the dungeon, and saw 4 of its levels.

You collected 137 gold pieces.

Inventory:

Hand Weapons
 a - a +0 trident
 y - a +2 quarterstaff of chaos
 A - a +0 mace of crushing (weapon)
 D - a +1 mace of protection
Armour
 b - a +0 scale mail (worn)
 c - a +0 shield (worn)
 z - a +0 cloak (worn)
Jewellery
 m - a +2 ring of evasion (left hand)
 r - an amulet of guardian spirit (around neck)
Scrolls
 e - a scroll of identify
 i - a scroll of immolation
 t - a scroll of enchant armour {unknown}
 w - a scroll of blinking {unknown}
 B - a scroll of remove curse {unknown}
 C - a scroll of fog {unknown}
Potions
 d - a potion of might
 f - a potion of flight {unknown}
 h - a potion of haste
 l - a potion of cancellation {unknown}
 n - a potion of berserk rage {unknown}
 p - a potion of magic
 s - a potion of curing {unknown}
Books
 x - Kikubaaqudgha's Grimoire of Dark Rituals
   (Kikubaaqudgha gifted it to you on level 2 of the Dungeon)

   Spells                             Type                      Level
   a - Pain                           Necromancy                   1
   b - Corpse Rot                     Necromancy                   2
   c - Sublimation of Blood           Necromancy                   2
   d - Vampiric Draining              Necromancy                   3
   e - Control Undead                 Necromancy                   4
 H - a book of Callings

   Spells                             Type                      Level
   a - Summon Small Mammal            Summoning                    1
   b - Call Imp                       Summoning                    2
   c - Call Canine Familiar           Summoning                    3
   d - Summon Guardian Golem          Hexes/Summoning              3
   e - Summon Lightning Spire         Summoning/Air                4
   f - Summon Ice Beast               Ice/Summoning                4
Comestibles
 g - a beef jerky
 j - 4 fruits
 v - a meat ration
 F - a bread ration


   Skills:
 + Level 4.4 Fighting
 * Level 1.9 Maces & Flails
 - Level 3.5 Polearms
 + Level 4.9 Armour
 + Level 3.1 Dodging
 + Level 5.0 Shields


You had one spell level left.
You knew the following spells:

 Your Spells              Type           Power        Failure   Level  Hunger
a - Summon Small Mammal   Summ           #...         100%        1    ##.....
b - Summon Guardian Gole  Hex/Summ       #.......     100%        3    ####...
c - Pain                  Necr           #...         100%        1    ##.....


Dungeon Overview and Level Annotations

Branches:
Dungeon (4/15)
 Temple: D:4-7

Altars:
Kikubaaqudgha


Innate Abilities, Weirdness & Mutations

You have a beak for a mouth.
You have claws for feet.
You can fly.


Message History

The jackal bites you but does no damage.
The yak gores you! You block the jackal's attack. The yak gores you!
You hit the yak but do no damage.
The yak is moderately wounded.
The jackal barely misses you. The yak gores you. You block the jackal's attack.
You hit the yak but do no damage. Your kick misses the yak. You peck the yak.
The yak is moderately wounded.
The jackal bites you but does no damage.
The yak barely misses you. You block the jackal's attack. The yak gores you!
* * * LOW HITPOINT WARNING * * *
You hit the yak but do no damage. Your kick misses the yak.
The yak is moderately wounded.
The jackal closely misses you. The yak gores you!
* * * LOW HITPOINT WARNING * * *
You block the jackal's attack.
You hit the yak but do no damage. You peck the yak.
The yak is moderately wounded.
You block the jackal's attack. The yak gores you!
You die...
Kikubaaqudgha rasps: "You have failed me!
Welcome... death!"

.# #..........##........#
.####.......)..##........#
.#.............###########
.#.......(.....#
.#......(.....รท############
.#......(...[.............#
....)...(.................#
##.<......)....h..........#
#..............@Y........#
#.............############
#...########### ##### ####
...#


You could see a yak and a jackal.

Vanquished Creatures
  Sigmund (D:2)
  An ogre (D:3)
  A giant frog (D:3)
  Crazy Yiuf (D:2)
  Jessica (D:2)
  Natasha (thrice) (D:3)
  Terence (D:3)
  3 adders
  4 gnolls (D:2)
  2 oozes
  2 worms (D:2)
  5 dart slugs (D:1)
  3 giant geckos
  7 bats
  4 giant cockroaches
  8 goblins
  10 hobgoblins
  7 kobolds
  4 quokkas
  A giant newt (D:3)
  8 rats
77 creatures vanquished.

Notes
Turn   | Place    | Note
--------------------------------------------------------------
     0 | D:1      | Ruokin the Tengu Fighter began the quest for the Orb.
     0 | D:1      | Reached XP level 1. HP: 14/14 MP: 2/2
    32 | D:1      | Reached XP level 2. HP: 16/19 MP: 3/3
   288 | D:1      | Reached XP level 3. HP: 23/23 MP: 4/4
   944 | D:2      | Reached XP level 4. HP: 22/28 MP: 3/5
  1048 | D:2      | Noticed Jessica
  1054 | D:2      | Killed Jessica
  1054 | D:2      | Reached skill level 1 in Dodging
  1078 | D:2      | Gained mutation: You can fly. [Tengu growth]
  1078 | D:2      | Reached XP level 5. HP: 16/33 MP: 3/6
  1323 | D:2      | Noticed Sigmund
  1333 | D:2      | Killed Sigmund
  1333 | D:2      | Reached skill level 4 in Shields
  1333 | D:2      | Reached XP level 6. HP: 27/38 MP: 4/7
  1505 | D:2      | Found a faded altar to an unknown god.
  1513 | D:2      | Became a worshipper of Kikubaaqudgha
  1513 | D:2      | Reached * piety under Kikubaaqudgha
  1513 | D:2      | Received a gift from Kikubaaqudgha
  1513 | D:2      | Identified Kikubaaqudgha's Grimoire of Dark Rituals (Kikubaaqudgha gifted it to you on level 2 of the Dungeon)
  1653 | D:2      | Noticed Crazy Yiuf
  1661 | D:2      | Killed Crazy Yiuf
  1873 | D:3      | Noticed Terence
  1910 | D:3      | Killed Terence
  2101 | D:3      | Noticed Natasha
  2105 | D:3      | Killed Natasha
  2117 | D:3      | Noticed Natasha
  2126 | D:3      | Killed Natasha
  2126 | D:3      | Reached skill level 1 in Maces & Flails
  2346 | D:4      | Learned a level 1 spell: Summon Small Mammal
  2350 | D:4      | Learned a level 3 spell: Summon Guardian Golem
  2356 | D:4      | Noticed a yak
  2357 | D:4      | Noticed a yak
  2359 | D:4      | Noticed a yak
  2359 | D:4      | Noticed a yak
  2390 | D:3      | Noticed Natasha
  2397 | D:3      | Killed Natasha
  2397 | D:3      | Reached XP level 7. HP: 18/43 MP: 4/8
  2586 | D:3      | Learned a level 1 spell: Pain
  2700 | D:3      | Reached skill level 5 in Shields
  2775 | D:3      | HP: 2/44 [yak (12)]
  2776 | D:3      | Mangled by a yak

Skill      XL: |  1  2  3  4  5  6  7 |
---------------+----------------------+-----
Armour         | 4 |  4.9
Dodging        | 1 2 3 |  3.1
Fighting       | 4 |  4.4
Polearms       | 3 |  3.5
Shields        | 4 5 |  5.0
Maces & Flails | 1 |  1.9

Action                   |  1- 3 |  4- 6 |  7- 9 || total
-------------------------+-------+-------+-------++-------
Melee: Trident           |   103 |    55 |       ||   158
       Kick              |    23 |    38 |    10 ||    71
       Peck              |    13 |    17 |     6 ||    36
       Mace              |       |   100 |    33 ||   133
  Use: Scroll            |     3 |     1 |     1 ||     5
       Potion            |       |     1 |     1 ||     2
  Eat: Bread ration      |       |     1 |       ||     1
       Meat ration       |       |       |     1 ||     1
Armor: Scale mail        |    38 |    34 |    11 ||    83
Dodge: Dodged            |    19 |    53 |    21 ||    93
Block: Shield            |    42 |    74 |    24 ||   140
